 Dungeon Crawl Stone Soup version 0.22.0-60-ga52c2fc (console) character file.

109 bli the Insei (level 4, -18/35 HPs)
             Began as a Demonspawn Monk on Sept 9, 2018.
             Demolished by an ogre
             ... wielding a +0 giant club
              (22 damage)
             ... on level 3 of the Dungeon.
             The game lasted 00:06:43 (1673 turns).

bli the Insei (Demonspawn Monk)                     Turns: 1673, Time: 00:06:44

Health: -18/35     AC:  8    Str: 11    XL:     4   Next: 60%
Magic:  4/4        EV: 13    Int: 11    God:
Gold:   107        SH:  0    Dex: 17    Spells: 3/3 levels left

rFire    . . .     SeeInvis .     - Unarmed
rCold    . . .     Gourm    .   (no shield)
rNeg     . . .     Faith    .   a - +0 robe
rPois    .         Spirit   .   (helmet restricted)
rElec    .         Reflect  .   (no cloak)
rCorr    .         Harm     .   (no gloves)
MR       .....                  (no boots)
Stlth    ++........             (no amulet)
HPRegen  0.11/turn              (no ring)
MPRegen  0.09/turn              (no ring)

@: sanguine armour
A: antennae 1, sanguine armour 1
a: no special abilities


You were on level 3 of the Dungeon.
You were not hungry.

You visited 1 branch of the dungeon, and saw 3 of its levels.

You collected 107 gold pieces.

Inventory:

Hand Weapons
 p - a +2 dagger of venom
Missiles
 c - 108 stones (quivered)
Armour
 a - a +0 robe (worn)
 i - a +2 shield
Scrolls
 e - 3 scrolls of identify
 g - a scroll of blinking {unknown}
 h - a scroll of immolation {unknown}
 j - 2 scrolls of remove curse {unknown}
 n - a scroll of amnesia {unknown}
 q - a scroll of random uselessness
Potions
 d - a potion of flight {unknown}
 k - a potion of magic {unknown}
 l - a potion of cancellation {unknown}
 m - 2 potions of heal wounds {unknown}
 o - a potion of lignification {unknown}
 r - a potion of curing {unknown}
Comestibles
 b - 2 rations
 f - 8 chunks of flesh


   Skills:
 * Level 3.4 Fighting
 * Level 3.1 Dodging
 + Level 2.0 Stealth
 + Level 4.2 Unarmed Combat


You had 3 spell levels left.
You didn't know any spells.
Your spell library was empty.

Dungeon Overview and Level Annotations

Branches:
Dungeon (3/15)

Altars:


Innate Abilities, Weirdness & Mutations

You have a pair of small antennae on your head.
When seriously injured, your bleeding wounds create armour. (AC +6)


Message History

You barely miss the adder.
The adder is moderately wounded.
The adder bites you.
You hit the adder.
The adder is moderately wounded.
The adder barely misses you.
You hit the adder.
The adder is heavily wounded.
The adder misses you. x2
You hit the adder.
You kill the adder!
You barely miss the ogre. The ogre hits you with a giant club!!
Ouch! That really hurt!
* * * LOW HITPOINT WARNING * * *
Your blood congeals into armour.
The orc hits you but does no damage.
You barely miss the ogre. You punch the ogre.
The ogre is moderately wounded.
The ogre hits you with a giant club!!
Ouch! That really hurt!
You die...

#..##.......####
..######.#....###.....###..♣P
#.....##.#.#....##.##<.....P.
#####......####....#######...
##.#..÷÷# ###..###
######.##.#...........
.............#####.####
#......####..####......
##.....## ##.......##
....##..######...#..
...............#@#..
..P..P...PP.P.##O#
P..♣♣♣..P♣♣♣..<#o# ... ♣P..♣
♣...#....#
P..♣♣♣...♣♣♣...##......#
P....PP).P..)......##...
..........÷....#.... #.
....PP...PP.P....#.#.
P..♣♣♣..P♣♣♣P.##...##.


P.P ♣P.P♣ ♣.......# ## .. ♣...♣ ♣........ You could see an ogre and an orc.

Vanquished Creatures
  3 adders
  2 oozes (D:2)
  2 dart slugs (D:1)
  4 leopard geckos
  3 ball pythons
  5 bats
  2 giant cockroaches (D:1)
  6 goblins
  10 hobgoblins (D:1)
  8 jackals
  3 frilled lizards
  8 kobolds
  6 rats
62 creatures vanquished.

Notes
Turn   | Place    | Note
-------+----------+-------------------------------------------
     0 | D:1      | bli the Demonspawn Monk began the quest for the Orb.
     0 | D:1      | Reached XP level 1. HP: 18/18 MP: 1/1
   322 | D:1      | Reached skill level 3 in Unarmed Combat
   322 | D:1      | Gained mutation: When seriously injured, your bleeding
                  | wounds create armour. (AC +6) [demonic ancestry]
   322 | D:1      | Reached XP level 2. HP: 13/24 MP: 2/2
   584 | D:1      | Reached XP level 3. HP: 22/29 MP: 3/3
  1005 | D:2      | Reached skill level 4 in Unarmed Combat
  1025 | D:2      | Gained mutation: You have a pair of small antennae on your
                  | head. [demonic ancestry]
  1025 | D:2      | Reached XP level 4. HP: 20/35 MP: 4/4
  1654 | D:3      | Noticed an ogre
  1673 | D:3      | Demolished by an ogre

Skill      XL: |  1  2  3  4 |
---------------+-------------+-----
Unarmed Combat | 3 4 |  4.2
Dodging        | 3 |  3.1
Stealth        | 2 |  2.0
Fighting       | |  3.4

Action                   |  1- 3 |  4- 6 || total
-------------------------+-------+-------++-------
Melee: Unarmed           |   190 |    59 ||   249
       Punch             |     3 |     1 ||     4
  Use: Scroll            |       |     1 ||     1
 Stab: Sleeping          |     1 |     5 ||     6
  Eat: Chunk             |       |     3 ||     3
Armor: Robe              |    40 |    10 ||    50
Dodge: Dodged            |   117 |    46 ||   163
